 Dungeon Crawl Stone Soup version 0.27-a0-1565-gad902ab807 (webtiles) character file.

Game seed: 478941096444730258

35844 daftaero the Basher (level 13, -1/125 HPs)
             Began as a Minotaur Berserker on July 16, 2021.
             Was a High Priest of Trog.
             Slain by a death yak (3 damage)
             ... on level 4 of the Lair of Beasts.
             The game lasted 00:36:09 (20526 turns).

daftaero the Basher (Minotaur Berserker)           Turns: 20526, Time: 00:36:09

Health: -1/125     AC: 14    Str: 26    XL:     13   Next: 49%
Magic:  12/12      EV: 16    Int:  4    God:    Trog [*****.]
Gold:   882        SH:  0    Dex: 11    Spells: 12/12 levels left

rFire    . . .     SeeInvis .   o - +2 whip (flame)
rCold    . . .     Faith    .   (no shield)
rNeg     . . .     Spirit   .   t - +0 steam dragon scales
rPois    +         Reflect  .   A - +2 hat
rElec    .         Harm     .   (no cloak)
rCorr    .         Rampage  .   (no gloves)
Will     .....                  (no boots)
Stlth    +.........             y - amulet of the acrobat
HPRegen  0.30/turn              a - ring of poison resistance
MPRegen  0.13/turn              C - +4 ring of protection

@: mighty, on berserk cooldown, slowed, very slow
A: horns 2, retaliatory headbutt
a: Renounce Religion, Berserk, Trog's Hand, Brothers in Arms


You were on level 4 of the Lair of Beasts.
You worshipped Trog.
Trog was extremely pleased with you.
You visited 3 branches of the dungeon, and saw 16 of its levels.

You collected 882 gold pieces.

Inventory:

Hand Weapons
 g - a +0 morningstar
 o - a +2 whip of flaming (weapon)
 G - a +2 hunting sling of flaming
Missiles
 f - 60 poisoned darts (quivered)
 h - 5 atropa-tipped darts
 M - a throwing net
Armour
 t - +0 steam dragon scales (worn)
 A - a +2 hat (worn)
 E - a +2 ring mail of poison resistance
 K - a +0 plate armour
Jewellery
 a - a ring of poison resistance (left hand)
 x - a +6 ring of strength
 y - an amulet of the acrobat (around neck)
 C - a +4 ring of protection (right hand)
 H - a ring of resist corrosion
 I - an amulet of guardian spirit
 J - a +4 ring of slaying
Wands
 e - a wand of polymorph (11)
 k - a wand of mindburst (16)
 q - a wand of acid (8)
 r - a wand of flame (21)
 v - a wand of digging (13)
Scrolls
 b - 9 scrolls of identify
 i - 4 scrolls of immolation
 j - 3 scrolls of fog
 p - 3 scrolls of magic mapping
 F - a scroll of enchant weapon
Potions
 c - 3 potions of lignification {unknown}
 d - 2 potions of might
 l - a potion of heal wounds
 m - a potion of attraction {unknown}
 n - 5 potions of curing {unknown}
 s - a potion of degeneration {unknown}
 u - 2 potions of berserk rage
 w - 2 potions of haste {unknown}
 z - a potion of ambrosia {unknown}
 B - 2 potions of cancellation {unknown}
 D - a potion of flight {unknown}
 L - a potion of magic {unknown}


   Skills:
 + Level 14.5 Fighting
 + Level 14.5 Maces & Flails
 + Level 13.2 Armour
 + Level 12.2 Dodging


You had 12 spell levels left.
You didn't know any spells.
Your spell library was empty.

Dungeon Overview and Level Annotations

Branches:
Dungeon (11/15)            Temple (1/1) D:5            Lair (4/6) D:10
  Swamp (0/4) Lair:3       Spider (0/4) Lair:4          Orc (0/2) D:9

Altars:
Ashenzari
Cheibriados
Dithmenos
Elyvilon
Fedhas
Gozag
Hepliaklqana
Kikubaaqudgha
Makhleb
Nemelex Xobeh
Okawaru
Qazlal
Ru
Sif Muna
Trog
Uskayaw
Vehumet
Wu Jian
Xom
Yredelemnul
Zin
The Shining One

Shops:
D:3 *   D:4 =   D:11 (

Annotations:
Lair:1 2 transporters, Bujuo's ghost, journeyman PaFi
Lair:4 exclusion: oklob plant


Innate Abilities, Weirdness & Mutations

You have a pair of horns on your head.
You reflexively headbutt those who attack you in melee.


Message History

The death yak is lightly wounded.
You hit the death yak. You burn the death yak. You headbutt the death yak.
The death yak is moderately wounded.
The death yak closely misses you. You furiously retaliate!
You headbutt the death yak.
The death yak gores you but does no damage.
You hit the death yak. You burn the death yak.
The death yak is moderately wounded.
The death yak gores you!
* * * LOW HITPOINT WARNING * * *
The death yak gores you!
* * * LOW HITPOINT WARNING * * *
You feel much better. The death yak gores you!
* * * LOW HITPOINT WARNING * * *
The death yak closely misses you. You furiously retaliate!
You headbutt the death yak, but do no damage.
You feel much better. The death yak barely misses you. You furiously retaliate!
You headbutt the death yak! The death yak gores you.
* * * LOW HITPOINT WARNING * * *
The death yak misses you. You furiously retaliate!
You headbutt the death yak! The death yak barely misses you.
You furiously retaliate!
You headbutt the death yak!
You feel very mighty all of a sudden. The death yak gores you!!
* * * LOW HITPOINT WARNING * * *
The death yak misses you. You furiously retaliate!
You headbutt the death yak!!
You kill the death yak!
Trog accepts your kill.
You barely miss the death yak.
The death yak is heavily wounded.
The death yak gores you!
* * * LOW HITPOINT WARNING * * *
You hit the death yak. You burn the death yak. You headbutt the death yak!
The death yak is severely wounded.
The death yak gores you.
* * * LOW HITPOINT WARNING * * *
You whack the death yak! You burn the death yak.
The death yak is severely wounded.
The death yak gores you.
You die...

.....##..##.......##.#....#
... ##..#.#......##.P....# .
#Y.###...............##
.........##............#...#
....(##(.P##[.........##...#
...(# #....#.....##...##...#
.... ######......#.......##
... ## ##.....##.......# ..
.P##.....@Y†...##..#
...P.....[..###.###..##
............#P#..P#...#
.....................##
...................#
...................## ...
##.................# ..##
#P......##.####P..## ...
###P.....##.P####..P#


You could see a death yak.

Vanquished Creatures
  Gastronok (Lair:2)
  2 catoblepae
  4 hydras
  2 two-headed ogres
  5 death yaks (Lair:4)
  Pikel (D:6)
  A cyclops (D:8)
  11 elephants
  5 black mambas
  10 cane toads
  Maggie (D:6)
  9 komodo dragons
  2 polar bears (Lair:2)
  6 blink frogs
  A meliai zombie (D:10)
  A tyrant leech (Lair:3)
  3 redbacks (Lair:4)
  A wraith (D:10)
  26 yaks
  3 basilisks
  A vampire (D:11)
  A death yak simulacrum (Lair:3)
  4 wyverns
  A warg (D:9)
  3 swamp worms (Lair:3)
  9 water moccasins
  Duvessa (D:6)
  A black bear (Lair:1)
  A sky beast (D:8)
  3 orc warriors (D:9)
  2 ice beasts
  A necrophage (D:4)
  24 wolves
  2 centaurs
  2 lemures (D:6)
  A phantom (D:4)
  12 bullfrogs
  2 kobold brigands (D:8)
  A scorpion (D:4)
  Dowan (D:6)
  12 killer bees
  2 howler monkeys (D:7)
  A vampire bat (D:4)
  A crimson imp (D:6)
  2 jellies
  3 hounds
  A centaur zombie (D:10)
  An orc priest (D:9)
  A bullfrog skeleton (D:6)
  4 iguanas (D:5)
  Ijyb (D:3)
  6 orc wizards
  A hell rat (Lair:3)
  A wolf simulacrum (Lair:3)
  A killer bee zombie (D:7)
  A hound skeleton (D:5)
  A howler monkey zombie (D:9)
  5 adders
  2 river rats (Lair:3)
  A shadow imp (D:4)
  3 white imps
  An ufetubus (D:6)
  An adder zombie (D:5)
  2 adder skeletons (D:4)
  A worm (D:4)
  2 dart slugs
  3 fire bats (D:4)
  27 orcs
  2 spectral bats (D:4)
  3 bat skeletons (D:4)
  A bat zombie (D:4)
  6 endoplasms
  A giant cockroach (D:1)
  6 goblins
  7 hobgoblins
  4 jackals (D:3)
  13 kobolds
  4 quokkas
  5 ball pythons
  11 bats
  A bat simulacrum (D:4)
  5 frilled lizards
  10 rats
335 creatures vanquished.

Vanquished Creatures (others)
  A butterfly (D:9)
  44 fungi
  47 plants
92 creatures vanquished.

Grand Total: 427 creatures vanquished

Notes
Turn   | Place    | Note
-------+----------+-------------------------------------------
     0 | D:1      | daftaero the Minotaur Berserker began the quest for the
                  | Orb.
     0 | D:1      | Reached XP level 1. HP: 19/19 MP: 0/0
   254 | D:1      | Reached XP level 2. HP: 27/27 MP: 1/1
  1101 | D:2      | Found a faded altar of an unknown god.
  1470 | D:2      | Reached XP level 3. HP: 34/34 MP: 2/2
  1671 | D:3      | Reached ** piety under Trog
  1801 | D:3      | Noticed Ijyb
  1808 | D:3      | Killed Ijyb
  1812 | D:3      | Reached XP level 4. HP: 41/41 MP: 3/3
  1874 | D:3      | Found a shimmering altar of Xom.
  1881 | D:3      | Reached skill level 5 in Fighting
  1881 | D:3      | Reached skill level 5 in Maces & Flails
  2142 | D:3      | Found Winkosaf's Assorted Antiques.
  2476 | D:4      | Noticed a phantom
  2489 | D:4      | Killed a phantom
  2490 | D:4      | Reached XP level 5. HP: 30/50 MP: 4/4
  2625 | D:4      | Found Ude Hack's Jewellery Shoppe.
  2626 | D:4      | Noticed a necrophage
  2844 | D:4      | Reached XP level 6. HP: 37/58 MP: 5/5
  3316 | D:4      | Reached *** piety under Trog
  3360 | D:4      | Reached XP level 7. HP: 65/66 MP: 6/6
  3693 | D:5      | Entered Level 5 of the Dungeon
  3860 | D:5      | Found a basalt altar of Yredelemnul.
  4418 | D:5      | Found a staircase to the Ecumenical Temple.
  4599 | Temple   | Entered the Ecumenical Temple
  4912 | D:6      | Noticed Maggie
  4922 | D:6      | Killed Maggie
  4923 | D:6      | Reached XP level 8. HP: 23/74 MP: 7/7
  5263 | D:6      | Noticed Pikel
  5310 | D:6      | Killed Pikel
  5311 | D:6      | Reached skill level 5 in Armour
  5556 | D:6      | Reached skill level 5 in Dodging
  5694 | D:6      | Noticed Duvessa
  5696 | D:6      | Noticed Dowan
  5709 | D:6      | Killed Dowan
  5715 | D:6      | Killed Duvessa
  5854 | D:6      | Found a hide-covered altar of Uskayaw.
  5881 | D:6      | Found an ancient bone altar of Kikubaaqudgha.
  6051 | D:6      | Reached XP level 9. HP: 83/83 MP: 8/8
  6139 | D:6      | Found a hazy altar of Hepliaklqana.
  6215 | D:6      | Found a sparkling altar of Nemelex Xobeh.
  7797 | D:8      | Noticed a two-headed ogre
  7817 | D:8      | Killed a two-headed ogre
  7836 | D:8      | Reached **** piety under Trog
  7837 | D:8      | Reached skill level 10 in Maces & Flails
  8002 | D:8      | Noticed a cyclops
  8045 | D:8      | Killed a cyclops
  8046 | D:8      | Reached skill level 10 in Fighting
  9259 | D:9      | Found an iron altar of Okawaru.
  9285 | D:9      | Reached XP level 10. HP: 84/94 MP: 9/9
  9585 | D:9      | Found a staircase to the Orcish Mines.
  9771 | D:9      | Identified the -3 kite shield "Guefily" {rN+ Will+ Dex+3}
  9854 | D:9      | Noticed a two-headed ogre
  9860 | D:9      | Killed a two-headed ogre
 10037 | D:9      | Reached ***** piety under Trog
 10246 | D:9      | Found a white marble altar of Elyvilon.
 10536 | D:10     | Entered Level 10 of the Dungeon
 11662 | D:10     | Found a staircase to the Lair.
 11810 | D:10     | Identified the +3 mace of Vuxyaf {vorpal, *Corrode +Rage
                  | Int+2 Dex+2}
 11845 | D:11     | Found Gosau's Weapon Shoppe.
 11951 | D:11     | Noticed a boulder beetle
 12024 | Lair:1   | Entered Level 1 of the Lair of Beasts
 12320 | Lair:1   | Reached XP level 11. HP: 75/102 MP: 10/10
 12528 | Lair:1   | Identified a scroll of acquirement
 12528 | Lair:1   | Acquired a +2 hat
 12701 | Lair:1   | Found a transporter.
 12725 | Lair:1   | Found a transporter.
 12728 | Lair:1   | Noticed Bujuo's ghost (journeyman PaFi)
 12968 | Lair:1   | Reached skill level 10 in Armour
 13429 | Lair:2   | Noticed Gastronok
 14093 | Lair:2   | Noticed a catoblepas
 14528 | Lair:2   | Killed Gastronok
 14529 | Lair:2   | Reached skill level 10 in Dodging
 15291 | Lair:2   | Reached XP level 12. HP: 110/113 MP: 11/11
 15756 | Lair:2   | Killed a catoblepas
 16199 | Lair:3   | Noticed an eight-headed hydra
 16210 | Lair:3   | Killed an eight-headed hydra
 16349 | Lair:3   | Noticed a catoblepas
 16620 | Lair:3   | Noticed a five-headed hydra
 16620 | Lair:3   | Noticed an eight-headed hydra
 16621 | Lair:3   | Found a staircase to the Swamp.
 16642 | Lair:2   | Killed a five-headed hydra
 16815 | Lair:2   | Killed an eight-headed hydra
 17541 | Lair:3   | Noticed a five-headed hydra
 17570 | Lair:3   | Killed a five-headed hydra
 17691 | Lair:3   | Killed a catoblepas
 17692 | Lair:3   | Reached XP level 13. HP: 123/123 MP: 12/12
 19901 | Lair:4   | Found a hole to the Spider Nest.
 20156 | Lair:4   | Identified the +3 helmet "Taxag" {rPois rN++}
 20524 | Lair:4   | HP: 2/125 [death yak (13)]
 20526 | Lair:4   | Slain by a death yak

Illustrated notes

Levels and vault maps discovered:
D:1:      psy_arrival_statuary, layout_loops_ring
D:2:      layout_basic, hellmonk_ecumenical_altar_heavens_door
D:3:      layout_loops_ring, mainiacjoe_overflow_cross_hatched, serial_shops,
          shop_statue, uniq_ijyb
D:4:      layout_basic, serial_shops, shop, goddamned_bats
D:5:      layout_loops_ring, mainiacjoe_overflow_six_doors_small,
          minmay_temple_entry_mist
D:6:      layout_basic, lemuel_coloured_pillars_altar,
          mainiacjoe_overflow_alcove_4, mainiacjoe_overflow_alcove_1,
          kiku_gazebo_pond_becter, minmay_fire_ice_demons, uniq_maggie,
          uniq_duvessa, uniq_pikel
D:7:      layout_layer_cave, mrwooster_statue_mirror
D:8:      layout_loops_corners
D:9:      layout_basic, nicolae_elyvilon_peaceful_grove, okawaru_trees_2,
          erik_orc_3, minmay_misc_feat_roman,
          hangedman_abyss_or_decor_lesser_grid
D:10:     layout_stronghold, david_lair_shrubbed, minmay_misc_feat_diagonals
D:11:     layout_loops_cross, serial_shops, shop, lightli_airlock
Temple:   eino_narrow_crystal_temple
Lair:1:   layout_loops_ring, gammafunk_ghost_berserking_beasts
Lair:2:   layout_cave_pods, uniq_gastronok
Lair:3:   layout_cave_pods, palyth_hydra_swamp_entry,
          portal_ice_cave_entry_ice_simulacra, kennysheep_abandoned_house
Lair:4:   layout_regular_city, spider_nest_entry_webs, enter_volcano_2,
          beast_lair_carwin_11, lemuel_fruit_fields, minmay_lair_oklob_chamber

Skill      XL: |  1  2  3  4  5  6  7  8  9 10 11 12 13 |
---------------+----------------------------------------+-----
Fighting       | 4 5 6 7 8 9 10 11 12 13 14 | 14.5
Maces & Flails | 4 5 6 7 8 9 10 11 12 13 14 | 14.5
Armour         | 4 5 7 9 11 12 13 | 13.2
Dodging        | 4 5 7 8 10 11 12 | 12.2

Action                   |  1- 3 |  4- 6 |  7- 9 | 10-12 | 13-15 || total
-------------------------+-------+-------+-------+-------+-------++-------
Melee: Mace              |    56 |    80 |    85 |       |       ||   221
       Headbutt          |     9 |     9 |    41 |   198 |    69 ||   326
       Whip              |       |       |   119 |   751 |   279 ||  1149
Throw: Dart              |    35 |    21 |    37 |    48 |     3 ||   144
Invok: Berserk           |     1 |       |     4 |    12 |     1 ||    18
  Use: Scroll            |       |       |    11 |     5 |       ||    16
       Potion            |       |       |       |       |     3 ||     3
 Stab: Sleeping          |     1 |       |       |       |       ||     1
Armor: Animal skin       |     6 |    20 |       |       |       ||    26
       Ring mail         |       |       |    30 |       |       ||    30
       Steam dragon scal |       |       |    22 |   141 |    46 ||   209
Dodge: Dodged            |    34 |    86 |   119 |   448 |   207 ||   894

Table legend: (Time is in decaauts)
 A = Elapsed time spent in this place.
 B = Non-inter-level travel time spent in this place.
 C = Inter-level travel time spent in this place.
 D = Time resting spent in this place.
 E = Time spent auto-exploring this place.
 F = Levels seen in this place.
 G = Mean time per level.
                   A        B        C        D        E       F      G
               +--------+--------+--------+--------+--------+-----+--------+
         Total |  20206 |  19746 |    460 |   2673 |  12879 |  16 | 1262.9 |
       Dungeon |  11788 |  11436 |    352 |    838 |   8931 |  11 | 1071.6 |
        Temple |    192 |    178 |     14 |      0 |    178 |   1 |  192.0 |
          Lair |   8225 |   8132 |     93 |   1834 |   3770 |   4 | 2056.2 |
               +--------+--------+--------+--------+--------+-----+--------+

Top non-repeatable levels by time:
  Lair:2: 3171 daAuts
  Lair:3: 2298 daAuts
     D:8: 1703 daAuts
     D:6: 1476 daAuts
  Lair:1: 1433 daAuts
  Lair:4: 1321 daAuts
     D:7: 1313 daAuts
    D:10: 1288 daAuts
     D:4: 1206 daAuts
     D:9: 1203 daAuts
     D:3: 919 daAuts
     D:5: 905 daAuts
     D:2: 845 daAuts
     D:1: 761 daAuts
  Temple: 192 daAuts
